Unix NetHack Version 3.7.0-66 Work-in-progress - last build Nov 25 2022 02:21:47 (a67c8fbd212c6e9cfe3af09653023564b5ba1bad,branch:master). Game began 2022-11-30 22:45:01, ended 2022-12-02 13:21:52. Buffalo, neutral male human Tourist --- --- --.---- - .. ---- ----.-- |...|.-- -.--..- ----..| |<....-- |...+..| ..../..- |.....| |.|....| --....-- ......... --.....| |.|-...| -....-- ......... |......| |.||..-| |......| ............. ---.....-- |.|--..| --....-- ..............- # # --......-- |.| |.-| |....-| ..............---#-#----.......| |.| |..| ---.....-- --.............................| -----.| --.| |........| -.........----#-----......... ----.....| |.| |.--.....| .........-- -----.%.....- |......--- |.| |.|---...| .......|. ...([......-----.---.-- --.| --.| |.--- ----)............- --- --..|--..| |..| |...)....-------..- |...|...-- |..| -.......-- |.. |.....--- ---- ........-- --....| .......| |...-- --.--- --..| --- ---- Buffalo the Excursionist St:11 Dx:11 Co:16 In:13 Wi:9 Ch:18 Neutral S:6995 Dlvl:10 $:1873 HP:60(60) Pw:24(24) AC:-9 Xp:7/1135 T:5390 Burdened Latest messages: Phalvorson's ghost attacks a spot beside you. You miss phalvorson's ghost. You miss phalvorson's ghost. You hit phalvorson's ghost! You miss phalvorson's ghost. You miss phalvorson's ghost. You destroy phalvorson's ghost! There is a grave here. Something is engraved here on the headstone. You read: "phalvorson, killed by a white unicorn". There are many objects here. You have a little trouble lifting 243 gold pieces. Continue? [ynq] (q) q You have a little trouble lifting 243 gold pieces. Continue? [ynq] (q) y You have a little trouble lifting $ - 243 gold pieces (1873 in total). You have a little trouble lifting V - an opera cloak. Your movements are slowed slightly because of your load. What do you want to call? [hjpsvzABE-GL-NQTVXZ or ?*] V Call an opera cloak: mr Really save? [yn] (n) y Saving... Restoring save file... Aloha Buffalo, the human Tourist, welcome back to NetHack! Something is engraved here on the headstone. You read: "phalvorson, killed by a white unicorn". Your movements are slowed slightly because of your load. Really quit? [yn] (n) y Do you want your possessions identified? [ynq] (y) q Inventory: Coins $ - 1873 gold pieces Amulets G - an uncursed amulet of flying E - an uncursed amulet versus poison (being worn) Weapons u - 11 blessed +0 darts a - 19 +2 darts S - a greased +5 dagger named +5 (weapon in hand) Armor j - a cursed +3 helmet (being worn) B - a blessed +0 pair of leather gloves (being worn) s - an uncursed +0 pair of water walking boots (being worn) C - an uncursed +0 small shield (being worn) V - a cursed -1 cloak of displacement N - an uncursed +0 cloak of invisibility named bones (being worn) m - an uncursed +0 Hawaiian shirt with a bird of paradise motif named pR (being worn) R - an uncursed +1 dwarvish mithril-coat named bones (being worn) Comestibles J - 2 uncursed fortune cookies O - an uncursed lizard corpse Potions p - an uncursed potion of extra healing Rings A - an uncursed ring of see invisible named foundcur Wands Q - a wand of digging named -0bones (0:7) X - a wand of magic missile named -0,bones (0:7) v - a wand of magic missile named -1,bones (0:4) F - a wand of striking named -1 (0:4) L - a wand of undead turning named -2 (0:6) T - a cursed wand of undead turning named -0bones (0:7) Tools h - an uncursed greased sack containing 16 items M - an uncursed tooled horn P - an uncursed blindfold l - an expensive camera named pray957 (0:26) k - an uncursed lock pick z - an uncursed magic lamp (lit) U - a +0 unicorn horn Gems/Stones Z - an uncursed jasper stone Contents of the sack: an uncursed slime mold an uncursed melon an uncursed scroll of destroy armor a blessed scroll of teleportation an uncursed scroll of gold detection an uncursed scroll of confuse monster an uncursed scroll of punishment an uncursed scroll of enchant armor an uncursed scroll of enchant armor 4 uncursed scrolls of magic mapping an uncursed scroll of remove curse 3 uncursed potions of water an uncursed potion of enlightenment an uncursed potion of restore ability an uncursed potion of gain level an uncursed potion of speed Buffalo the Tourist's attributes: Background: You were an Excursionist, a level 7 male human Tourist. You were neutral, on a mission for The Lady who was opposed by Blind Io (lawful) and Offler (chaotic). You were in the Gnomish Mines, on level 10. You entered the dungeon 5390 turns ago. You had 1135 experience points, 145 more were needed to attain level 8. Your score was 6995 before end-of-game adjustments. Basics: You had all 60 hit points. You had all 24 energy points (spell power). Your armor class was -9. Your wallet contained 1873 zorkmids. Autopickup was off. Final Characteristics: Your strength was 11 (limit:18/100). Your dexterity was 11 (limit:18). Your constitution was 16 (limit:18). Your intelligence was 13 (limit:18). Your wisdom was 9 (limit:18). Your charisma was 18 (limit:18). Final Status: You were not hungry. You were burdened; movement was slightly slowed. You were wielding a dagger. You were skilled in dagger. Final Attributes: You were piously aligned. You were poison resistant. You were telepathic. You were invisible. You could walk on water. You had a small defense bonus (+4). You were guarded. You were fast. You survived. Miscellaneous: You encountered 2 bones levels. Total elapsed playing time was 56 minutes and 43 seconds. Major events: Turn 1: Buffalo the neutral male human Tourist entered the dungeon 1681: entered the Gnomish Mines 1691: attained the rank of Sightseer (level 3) 3528: attained the rank of Excursionist (level 6) 4057: reached Mine Town 4104: destroyed SkydiveMike's ghost, the former Rogue 5386: destroyed phalvorson's ghost, the former Bandit 5390: quit Vanquished creatures: 3 ghosts a small mimic a tengu 3 watchmen a quivering blob 2 owlbears 2 lizards a dog a dwarf leader a white unicorn a snake a wood nymph a rock mole a pony a yellow light 3 shriekers 7 gnome leaders a giant ant 3 floating eyes 9 dwarves a kobold leader 8 hill orcs 3 rothes a rabid rat 2 giant bats 2 monkeys a wererat 3 iguanas an acid blob 2 coyotes 3 hobbits 2 giant rats 3 cave spiders a yellow mold a green mold 35 gnomes 2 garter snakes a gnome zombie 5 jackals 3 foxes 4 goblins 5 sewer rats 5 grid bugs a bat 3 lichens 2 kobold zombies 5 newts 149 creatures vanquished. No species were genocided or became extinct. Voluntary challenges: You read items or engraved 4 times. You never engraved Elbereth. You never genocided any monsters. You never polymorphed an object. You never changed form. You used no wishes. Achievements: You entered a shop. You entered the Gnomish Mines. You attained the rank of Sightseer. You attained the rank of Excursionist. You entered Minetown. You entered a temple. The Dungeons of Doom: levels 1 to 5 Level 1: An altar, many fountains. Level 2: "bones?" Many fountains. Level 3: An armor shop. Level 4: "vaulttelefound" A fountain, a sink. Stairs down to The Gnomish Mines. Level 5: The Gnomish Mines: levels 5 to 10 Level 5: Level 6: Level 7: Level 8: Many shops, a temple, some fountains. Final resting place for SkydiveMike-Rog-Orc-Mal-Cha, killed by an owlbear. Level 9: Level 10: <- You were here. A grave. Final resting place for phalvorson-Bar-Orc-Mal-Cha, killed by a white unicorn. Aloha Buffalo the Tourist... You quit in The Gnomish Mines on dungeon level 10 with 6995 points, and 1873 pieces of gold, after 5390 moves. You were level 7 with a maximum of 60 hit points when you quit.